 Dungeon Crawl Stone Soup version 0.31-a0-188-g5e087ee2ca (webtiles) character file.

Game seed: 3224770441416262216

125 qw the Skirmisher (level 4, -3/25 HPs)
             Began as a Deep Elf Hunter on June 23, 2023.
             Slain by Sigmund
             ... wielding a +1 scythe of protection
              (9 damage)
             ... on level 3 of the Dungeon.
             The game lasted 00:00:37 (1500 turns).

qw the Skirmisher (Deep Elf Hunter)                 Turns: 1500, Time: 00:00:38

Health: -3/25      AC:  6    Str: 10    XL:     4   Next: 82%
Magic:  6/6        EV:  9    Int: 14    God:
Gold:   74         SH:  0    Dex: 18    Spells: 3/3 levels left

rFire   . . .        Y - +1 shortbow
rCold   . . .        (shield currently unavailable)
rNeg    . . .        d - +0 scale mail
rPois   .            (no helmet)
rElec   .            (no cloak)
rCorr   .            (no gloves)
SInv    .            (no boots)
Will    .....        (no amulet) Stlth
                     (no ring)
HPRegen 0.24/turn    (no ring)
MPRegen 0.10/turn

%: no passive effects
@: confused
A: no striking features
a: no special abilities


You were on level 3 of the Dungeon.
You visited 1 branch of the dungeon, and saw 3 of its levels.

You collected 74 gold pieces.


   Skills:
 - Level 1.5 Fighting
 + Level 8.2 Ranged Weapons
 - Level 2.4 Dodging
 - Level 1.2 Stealth


You had 3 spell levels left.
You didn't know any spells.
Your spell library was empty.

Inventory:

Hand Weapons
 Y - a +1 shortbow (weapon)
Armour
 c - a +0 pair of gloves
 d - a +0 scale mail (worn)
Wands
 f - a wand of digging (4)
Potions
 a - a potion of might {unknown}
 b - a potion of enlightenment {unknown}
 e - a potion of degeneration {unknown}
 g - a potion of attraction {unknown}
 h - a potion of mutation {unknown}

Dungeon Overview and Level Annotations

Branches:
Dungeon (3/15)

Altars:

Shops:
D:2 :

Annotations:
D:3 Sigmund


Message History

You feel sick. The giant cockroach misses you.
You shoot an arrow. The arrow hits the giant cockroach.
You kill the giant cockroach!
You feel sick.
You start resting.
You feel sick.
You are no longer poisoned.
HP restored.
You see here a giant cockroach corpse.
Sigmund the Dreaded comes into view.
He is wielding a +1 scythe of protection.
Found a hand axe.
Sigmund shouts!
You shoot an arrow.
The arrow hits Sigmund but does no damage.
Sigmund whispers, "You'll know eternity soon."
Sigmund gestures wildly while chanting.
Sigmund flickers and vanishes!
Deactivating autopickup; reactivate with Ctrl-A.
You shoot an arrow. Something hits you.
You shoot an arrow. Something hits you.
You shoot an arrow. You shoot an arrow. Something hits you.
You shoot an arrow. Something hits you but does no damage.
You shoot an arrow. Something hits you but does no damage.
You shoot an arrow. Something hits you.
You shoot an arrow.
A magic dart appears from out of thin air!
The magic dart hits you.
You shoot an arrow.
You hear some strange, mumbled words.
You are confused.
You shoot an arrow. Something hits you!
You die...

..##.#.##.#..#
#.......$# #...........#
#........###......#>...#
)........#........#....#
.......#.#........#.....
.......#.#...)%####....#
.?..{#.#..............
#..#...............#
#.@......##.....#.#
#####%######.#####.#
#...................
#.....######.#####.#
#.....# #.......#
#...... #########
#...... #...... #.......


There were no monsters in sight!

Vanquished Creatures
  Jessica (D:2)
  2 gnolls (D:1)
  3 adders
  A worm (D:2)
  3 dart slugs
  A ball python (D:2)
  7 endoplasms
  2 giant cockroaches
  3 hobgoblins
  2 quokkas (D:1)
  5 bats (D:2)
  5 frilled lizards
  2 goblins
  4 kobolds
  10 rats
51 creatures vanquished.

Notes
Turn   | Place    | Note
-------+----------+-------------------------------------------
     0 | D:1      | qw the Deep Elf Hunter began the quest for the Orb.
     0 | D:1      | Reached XP level 1. HP: 12/12 MP: 3/3
     0 | D:1      | 0 ||| qw: Version: 0.3-a-9-g12657ce
     0 | D:1      | 0 ||| qw: Game counter: 4002
     0 | D:1      | 0 ||| qw: Always use a shield: true
     0 | D:1      | 0 ||| qw: God list: Okawaru
     0 | D:1      | 0 ||| qw: Allow faded altars: false
     0 | D:1      | 0 ||| qw: Do Orc after D:15 true
     0 | D:1      | 0 ||| qw: Do second Lair branch before Depths: true
     0 | D:1      | 0 ||| qw: Lair rune preference: random
     0 | D:1      | 0 ||| qw: Plans: Normal
     0 | D:1      | 0 ||| PLANNING D:1-11
    99 | D:1      | Reached XP level 2. HP: 16/16 MP: 4/4
   126 | D:1      | Reached skill level 6 in Ranged Weapons
   128 | D:1      | 128 ||| FLEEEEING.
   129 | D:1      | 129 ||| FLEEEEING.
   390 | D:1      | Reached XP level 3. HP: 16/20 MP: 5/5
   588 | D:1      | 588 ||| READING scroll labelled SOTAGA DOLOARPH.
   589 | D:1      | 589 ||| READING scroll labelled LABBIL BIOFOONK.
   590 | D:1      | 590 ||| READING scroll labelled JAZEENN CAIGH.
   591 | D:1      | 591 ||| DRINKING 2 viscous coppery potions.
   592 | D:1      | 592 ||| DROPPING scroll of butterflies.
   594 | D:1      | 594 ||| Stepping ~*~*~tactically~*~*~ (cloud).
   594 | D:1      | HP: 5/20 [poisoned by you (poison gas)]
   595 | D:1      | 595 ||| DRINKING potion of curing.
   595 | D:1      | 595 ||| (to cure poison)
   698 | D:2      | Reached skill level 7 in Ranged Weapons
   799 | D:2      | Found Sefixtue's Book Shop.
  1032 | D:2      | Noticed Jessica
  1038 | D:2      | Killed Jessica
  1039 | D:2      | Reached XP level 4. HP: 25/25 MP: 6/6
  1365 | D:2      | 1365 ||| UPGRADING to +0 scale mail.
  1375 | D:2      | 1375 ||| DROPPING +0 leather armour.
  1424 | D:3      | Reached skill level 8 in Ranged Weapons
  1489 | D:3      | Noticed Sigmund
  1498 | D:3      | HP: 5/25 [something/magic dart (5)]
  1500 | D:3      | Slain by Sigmund

Levels and vault maps discovered:
D:1:      spicycebolla_arrival_clurvy, layout_basic
D:2:      layout_loops_cross, serial_shops, shop, reono_crystal_passage,
          uniq_jessica
D:3:      layout_basic, uniq_sigmund

Skill      XL: |  1  2  3  4 |
---------------+-------------+-----
Ranged Weapons | 6 7 8 |  8.2
Fighting       | |  1.5
Dodging        | |  2.4
Stealth        | |  1.2

Action                     |  1- 3 |  4- 6 || total
---------------------------+-------+-------++-------
   Fire: Shortbow          |    87 |    54 ||   141
    Use: Scroll            |     3 |       ||     3
         Potion            |     2 |       ||     2
 Armour: Leather armour    |     1 |       ||     1
         Scale mail        |       |     6 ||     6
  Dodge: Dodged            |     9 |    14 ||    23

Table legend:
 A = Non-vault XP
 B = Vault XP
 C = Vault XP percentage of total XP
 D = Non-vault monster count
 E = Vault monster count
 F = Vault count percentage of total count
                 A         B        C        D         E       F
            +---------+---------+-------+---------+---------+-------
      Total |     142 |      37 |  20.7 |      50 |       1 |   2.0
            +---------+---------+-------+---------+---------+-------
        D:1 |      59 |       0 |   0.0 |      23 |       0 |   0.0
        D:2 |      49 |      37 |  43.0 |      19 |       1 |   5.0
        D:3 |      34 |       0 |   0.0 |       8 |       0 |   0.0
            +---------+---------+-------+---------+---------+-------
